 Dungeon Crawl Stone Soup version 0.20.0-15-g7f486f2 (webtiles) character file.

9862 botchamania the Protected (level 11, -13/72 HPs)
             Began as a Demonspawn Chaos Knight on June 29, 2017.
             Mangled by a two-headed ogre
             ... wielding a +0 dire flail
              (20 damage)
             ... on level 10 of the Dungeon.
             The game lasted 00:24:24 (9344 turns).

botchamania the Protected (Demonspawn Chaos Knight) Turns: 9344, Time: 00:24:24

Health: -13/72     AC: 18    Str: 16    XL:     11   Next: 28%
Magic:  11/11      EV:  7    Int: 14    God:    Xom [*.....]
Gold:   554        SH:  0    Dex: 10    Spells: 10/10 levels left

rFire    . . .     SeeInvis .   a - +1 mace (chaos)
rCold    . . .     Gourm    .   (no shield)
rNeg     . . .     Faith    .   e - +0 plate armour
rPois    +         Spirit   .   (helmet restricted)
rElec    .         Reflect  .   y - scarf {repulsion}
rCorr    .         Harm     .   (no gloves)
MR       .....                  (no boots)
Stlth    ..........             (no amulet)
Regen    0.7/turn               r - +4 ring of protection
MPRegen  0.2/turn               (no ring)

@: repel missiles
A: horns 1, talons 2, clumsy 1, frail 2, poison resistance, powered by death 2,
regeneration 1, spiny 2, sturdy frame 1
a: Renounce Religion


You were on level 10 of the Dungeon.
You worshipped Xom.
You were a special plaything of Xom.
You were hungry.

You visited 1 branch of the dungeon, and saw 10 of its levels.

You collected 554 gold pieces.

Inventory:

Hand Weapons
 a - a +1 mace of chaos (weapon)
 q - a +2 dire flail
Missiles
 j - 2 needles of confusion
 o - 57 bolts
Armour
 b - a +2 leather armour
 e - a +0 plate armour (worn)
 y - a scarf of repulsion (worn)
Jewellery
 r - a +4 ring of protection (left hand)
Wands
 m - a wand of polymorph (24/24)
 B - a wand of random effects (12/48)
Scrolls
 d - 2 scrolls of enchant armour
 h - 5 scrolls of remove curse
 l - 2 scrolls of fear
 n - a scroll of random uselessness {unknown}
 D - a scroll of magic mapping
 E - 2 scrolls of fog
 I - a scroll of enchant weapon
Potions
 f - a potion of brilliance {unknown}
 v - a potion of flight
 A - 2 potions of lignification
 F - a potion of berserk rage {unknown}
Books
 g - a book of Minor Magic

   Spells                             Type                      Level
   a - Magic Dart                     Conjuration                  1
   b - Blink                          Translocation                2
   c - Call Imp                       Summoning                    2
   d - Slow                           Hexes                        2
   e - Conjure Flame                  Conjuration/Fire             3
   f - Mephitic Cloud                 Conjuration/Poison/Air       3
 w - a book of Misfortune

   Spells                             Type                      Level
   a - Confusing Touch                Hexes                        1
   b - Confuse                        Hexes                        3
   c - Gell's Gravitas                Translocation                3
   d - Petrify                        Transmutation/Earth          4
   e - Metabolic Englaciation         Hexes/Ice                    5
   f - Yara's Violent Unravelling     Hexes/Transmutation          5
 x - the Incunabulum of Earthen Self-Knowledge
   (You found it on level 7 of the Dungeon)

   Spells                             Type                      Level
   a - Infusion                       Charms                       1
   b - Swiftness                      Charms/Air                   2
   c - Shroud of Golubria             Charms/Translocation         2
   d - Regeneration                   Charms/Necromancy            3
   e - Shatter                        Earth                        9
Comestibles
 c - 5 bread rations
 i - 3 meat rations
 k - 10 royal jellies


   Skills:
 - Level 9.7 Fighting
 - Level 9.6 Maces & Flails
 + Level 10.7 Armour
 - Level 0.8 Dodging


You had 10 spell levels left.
You didn't know any spells.

Dungeon Overview and Level Annotations

Branches:
Dungeon (10/15)            Temple (0/1) D:4             Orc (0/2) D:10
   Lair: D:8-11

Altars:
Dithmenos
Elyvilon
Fedhas
Gozag
Kikubaaqudgha
Nemelex Xobeh
Sif Muna
Trog
Vehumet
Xom
Zin

Shops:
D:7 :   D:9 [   D:10 [(

Annotations:
D:8 Gastronok, Maurice
D:10 gobwax's ghost, journeyman DsGl


Innate Abilities, Weirdness & Mutations

You have razor-sharp toenails.
You regenerate health from kills.
You are mostly covered in sharp spines.
Your movements are slightly less encumbered by armour. (ER -2)
You have a pair of small horns on your head.
You are clumsy. (Dex -2)
You are very frail. (-20% HP)
Your system is resistant to poisons. (rPois)
Your natural rate of healing is unusually fast.


Message History

The orc hits you but does no damage.
You hit the orc.
Shadowy shapes form in the air around you, then vanish.
You kill the orc!
The two-headed ogre hits you with a dire flail!
* * * LOW HITPOINT WARNING * * *
The two-headed ogre hits you with a giant club!
* * * LOW HITPOINT WARNING * * *
Okay, then.
Unknown command.
You feel better. The orc is struck by your spines.
The orc hits you but does no damage.
An orc comes into view. It is wielding a short sword.
Your plate armour prevents you from hitting the orc.
The orc is heavily wounded.
The two-headed ogre hits you with a dire flail.
* * * LOW HITPOINT WARNING * * *
The two-headed ogre hits you with a giant club!!
You die...
Xom bursts into laughter!

#############
######.........#..
o... #.#######.#.#
#o. #.# #....
#o####.#######.#.#
#@##.........#...#
#.O........#.#.###
#.#####..>..........
#.......#.#..#.#.###
#########.#..#.#.###
.............#.##.
#######.#..###.##.
####.......#....')
#.......#...<#.##.


You could see a two-headed ogre, an orc wizard and 2 orcs.

Vanquished Creatures
  A two-headed ogre (D:9)
  An unseen horror (D:9)
  Joseph (D:9)
  A troll (D:10)
  A hornet (D:9)
  Grinder (D:4)
  Prince Ribbit (D:8)
  Sigmund (D:3)
  12 yaks
  A wraith (D:9)
  An acid dragon (D:7)
  A water moccasin (D:9)
  4 orc warriors
  A swamp drake (D:5)
  2 ice beasts
  3 phantoms
  A sky beast (D:8)
  4 ogres
  A necrophage (D:9)
  7 centaurs
  The ghost of botchamania the Changer, an amateur OpTm (D:3)
  Blork the orc (D:4)
  A bullfrog (shapeshifter) (D:8)
  A gnoll sergeant (D:5)
  3 bullfrogs
  A water moccasin zombie (D:5)
  7 wights
  5 howler monkeys
  5 crimson imps
  2 quasits
  5 jellies
  3 human zombies (D:9)
  9 orc priests
  A hound (shapeshifter) (D:8)
  9 hounds
  A bullfrog skeleton (D:5)
  A gnoll shaman (D:5)
  Jessica (D:3)
  2 human skeletons (D:9)
  5 iguanas
  9 orc wizards
  6 worker ants
  2 hound zombies
  A hound skeleton (D:9)
  A mummy (D:9)
  A worker ant zombie (D:6)
  10 gnolls
  11 adders
  A river rat (D:2)
  3 shadow imps
  8 oozes
  2 adder skeletons
  6 worms
  3 dart slugs
  6 leopard geckos
  27 orcs
  A ball python (shapeshifter) (D:1)
  8 bats
  3 giant cockroaches
  5 goblins
  7 hobgoblins
  15 jackals
  7 quokkas
  A ball python (D:6)
  5 frilled lizards
  2 jackal skeletons
  9 kobolds
  2 leopard gecko skeletons
  An orc skeleton (D:9)
  An orc zombie (D:9)
  2 quokka skeletons
  10 rats
286 creatures vanquished.

Vanquished Creatures (collateral kills)
  An orc wizard (D:7)
  A gnoll (D:4)
  An orc (D:4)
3 creatures vanquished.

Vanquished Creatures (others)
  A yak (D:8)
  A big kobold (D:9)
2 creatures vanquished.

Grand Total: 291 creatures vanquished

Notes
Turn   | Place    | Note
-------+----------+-------------------------------------------
     0 | D:1      | botchamania the Demonspawn Chaos Knight began the quest for the Orb.
     0 | D:1      | Reached XP level 1. HP: 18/18 MP: 1/1
     2 | D:1      | XOM: divination: detect creatures
    10 | D:1      | XOM: 1-stop teleportation journey
    81 | D:1      | Gained mutation: You regenerate a little health from kills. [demonic ancestry]
    81 | D:1      | Reached XP level 2. HP: 23/24 MP: 2/2
   275 | D:1      | Gained mutation: You have sharp toenails. [demonic ancestry]
   275 | D:1      | Reached XP level 3. HP: 20/29 MP: 3/3
  1081 | D:2      | Found a shimmering altar of Xom.
  1093 | D:2      | XOM: polymorph rat -> river rat
  1099 | D:2      | Gained mutation: You regenerate health from kills. [demonic ancestry]
  1099 | D:2      | Reached XP level 4. HP: 35/35 MP: 4/4
  1280 | D:2      | XOM: noise
  1532 | D:3      | Noticed Sigmund
  1534 | D:3      | XOM: blink monster(s)
  1621 | D:3      | XOM: mild Ice miscast
  1628 | D:3      | Killed Sigmund
  1628 | D:3      | Reached XP level 5. HP: 38/41 MP: 5/5
  2112 | D:3      | Noticed Jessica
  2118 | D:3      | Killed Jessica
  2118 | D:3      | Gained mutation: You are partially covered in sharp spines. [demonic ancestry]
  2118 | D:3      | Reached XP level 6. HP: 47/47 MP: 6/6
  2120 | D:3      | XOM: god gift: 10 gold pieces
  2214 | D:3      | Found a bloodstained altar of Trog.
  2217 | D:3      | Found a glowing silver altar of Zin.
  2220 | D:3      | Found an opulent altar of Gozag.
  2230 | D:3      | Found a shadowy altar of Dithmenos.
  2433 | D:3      | Noticed Terence
  2435 | D:3      | Noticed botchamania's ghost (amateur OpTm)
  2439 | D:3      | Noticed Terence
  2439 | D:3      | Terence changed into Terence the jackal
  2439 | D:3      | XOM: polymorph Terence -> Terence the jackal
  2439 | D:3      | Killed Terence the jackal
  2451 | D:3      | Killed botchamania's ghost
  2675 | D:4      | Noticed Grinder
  2675 | D:4      | XOM: divination: detect items
  2698 | D:4      | XOM: cast spell 'Summon Ice Beast'
  2699 | D:4      | XOM: cast spell 'Necromutation'
  2703 | D:4      | Killed Grinder
  2703 | D:4      | Gained mutation: You are mostly covered in sharp spines. [demonic ancestry]
  2703 | D:4      | Reached XP level 7. HP: 40/52 MP: 7/7
  2793 | D:4      | Found a staircase to the Ecumenical Temple.
  2943 | D:4      | XOM: give mutations
  2943 | D:4      | Gained mutation: You are frail. (-10% HP) [Xom's mischief]
  2943 | D:4      | Gained mutation: Scrolls take you a little longer to read. [Xom's mischief]
  3004 | D:4      | Noticed Blork the orc
  3005 | D:4      | XOM: summons 2 hostile shadow creatures
  3028 | D:4      | Killed Blork the orc
  3028 | D:4      | Reached skill level 2 in Armour
  3461 | D:4      | XOM: harmless Tloc miscast
  3642 | D:4      | XOM: potion effect (brilliance)
  3697 | D:4      | Found a deep blue altar of Sif Muna.
  3836 | D:5      | XOM: noise
  3836 | D:5      | Entered Level 5 of the Dungeon
  3845 | D:5      | Reached skill level 3 in Armour
  3880 | D:5      | Found a sparkling altar of Nemelex Xobeh.
  3924 | D:5      | Reached XP level 8. HP: 51/54 MP: 8/8
  4194 | D:6      | Reached skill level 5 in Fighting
  4303 | D:6      | Reached skill level 4 in Armour
  4599 | D:6      | XOM: divination: magic mapping
  4602 | D:6      | XOM: divination: magic mapping
  4605 | D:6      | XOM: divination: detect creatures
  4728 | D:6      | Reached skill level 5 in Armour
  4964 | D:6      | XOM: swap monsters
  5029 | D:6      | XOM: cast spell 'Statue Form'
  5032 | D:6      | Reached XP level 9. HP: 63/63 MP: 9/9
  5036 | D:6      | Reached skill level 6 in Armour
  5324 | D:7      | Identified the Incunabulum of Earthen Self-Knowledge
  5410 | D:7      | XOM: confuse monster(s)
  5475 | D:7      | XOM: polymorph sky beast -> acid dragon
  5634 | D:7      | XOM: 3-stop teleportation journey
  5755 | D:7      | Found Gyx Paib's Book Boutique.
  5944 | D:7      | XOM: give mutations
  5944 | D:7      | Gained mutation: You have a pair of small horns on your head. [Xom's grace]
  5944 | D:7      | Gained mutation: Your natural rate of healing is unusually fast. [Xom's grace]
  6518 | D:5      | XOM: polymorph ice beast -> swamp drake
  6541 | D:5      | Found a blossoming altar of Fedhas.
  6699 | D:5      | XOM: give mutations
  6699 | D:5      | Gained mutation: You have razor-sharp toenails. [Xom's grace]
  6699 | D:5      | Gained mutation: Your system is resistant to poisons. (rPois) [Xom's grace]
  6844 | D:8      | XOM: polymorph orc priest -> ooze
  6865 | D:8      | XOM: scenery: create altars
  6876 | D:8      | Noticed Gastronok
  6895 | D:8      | HP: 3/66 [Gastronok/the air (35)]
  6901 | D:7      | XOM: divination: magic mapping
  7004 | D:6      | XOM: noise
  7036 | D:8      | XOM: enchant monster (good)
  7039 | D:8      | Reached skill level 7 in Armour
  7039 | D:8      | Gained mutation: Your movements are slightly less encumbered by armour. (ER -2) [demonic ancestry]
  7039 | D:8      | Reached XP level 10. HP: 28/72 MP: 10/10
  7042 | D:8      | XOM: scenery: create altars
  7051 | D:8      | XOM: confuse monster(s)
  7068 | D:8      | XOM: polymorph orc -> dart slug
  7085 | D:8      | XOM: cleaving
  7101 | D:8      | Noticed Gastronok
  7101 | D:8      | Gastronok changed into Gastronok the titan
  7103 | D:8      | Noticed Gastronok
  7103 | D:8      | Gastronok the titan changed into Gastronok the shard shrike
  7105 | D:8      | Noticed Gastronok
  7105 | D:8      | Gastronok the shard shrike changed into Gastronok the juggernaut
  7107 | D:8      | Noticed Gastronok
  7107 | D:8      | Gastronok the juggernaut changed into Gastronok the shard shrike
  7108 | D:8      | Noticed Gastronok
  7108 | D:8      | Gastronok the shard shrike changed into Gastronok the juggernaut
  7118 | D:8      | Noticed Gastronok
  7122 | D:8      | Noticed Gastronok
  7122 | D:8      | Gastronok the titan changed into Gastronok the caustic shrike
  7126 | D:8      | Noticed Gastronok
  7126 | D:8      | Gastronok the caustic shrike changed into Gastronok the iron dragon
  7127 | D:8      | Noticed Gastronok
  7127 | D:8      | Gastronok the iron dragon changed into Gastronok the juggernaut
  7127 | D:8      | XOM: polymorph Gastronok the iron dragon -> Gastronok the juggernaut
  7131 | D:8      | XOM: butterfly on damage
  7133 | D:8      | Noticed Gastronok
  7133 | D:8      | Gastronok the juggernaut changed into Gastronok the golden dragon
  7136 | D:8      | Noticed Gastronok
  7136 | D:8      | Gastronok the golden dragon changed into Gastronok the iron giant
  7138 | D:8      | Noticed Gastronok
  7138 | D:8      | Gastronok the iron giant changed into Gastronok the golden dragon
  7139 | D:8      | Noticed Gastronok
  7139 | D:8      | Gastronok the golden dragon changed into Gastronok the alligator snapping turtle
  7202 | D:7      | XOM: give mutations
  7202 | D:7      | Gained mutation: You are clumsy. (Dex -2) [Xom's mischief]
  7202 | D:7      | Gained mutation: You are very frail. (-20% HP) [Xom's mischief]
  7202 | D:7      | Gained mutation: You have claws for feet. [Xom's mischief]
  7286 | D:8      | XOM: polymorph centaur -> worm
  7334 | D:8      | Found a white marble altar of Elyvilon.
  7350 | D:8      | Noticed Prince Ribbit
  7355 | D:8      | XOM: stat loss: -1 Str (15/16)
  7365 | D:8      | XOM: harmless Hex miscast
  7377 | D:8      | Killed Prince Ribbit
  7449 | D:8      | Noticed Maurice
  7586 | D:9      | XOM: scenery: create altars
  7589 | D:9      | XOM: polymorph yak -> something unseen
  7597 | D:9      | Killed an unseen horror
  7597 | D:9      | Reached skill level 8 in Armour
  7600 | D:9      | XOM: cast spell 'Statue Form'
  7697 | D:9      | XOM: polymorph jackal -> hobgoblin
  7744 | D:9      | Noticed Joseph
  7744 | D:9      | XOM: summons 2 hostile demons
  7775 | D:9      | Killed Joseph
  7863 | D:9      | Found Urryg's Armour Shop.
  7975 | D:9      | Found an ancient bone altar of Kikubaaqudgha.
  7982 | D:9      | XOM: divination: detect creatures
  7987 | D:9      | Reached skill level 9 in Armour
  8126 | D:9      | Found a radiant altar of Vehumet.
  8150 | D:9      | Noticed a two-headed ogre
  8159 | D:9      | XOM: enchant monster (bad)
  8163 | D:9      | Killed a two-headed ogre
  8163 | D:9      | Mutation became permanent: You have razor-sharp toenails. [demonic ancestry]
  8163 | D:9      | Gained mutation: You have claws for feet. [demonic ancestry]
  8163 | D:9      | Reached XP level 11. HP: 53/72 MP: 11/11
  8197 | D:9      | Got a steaming ring mail
  8202 | D:9      | Identified the +1 ring mail of Slovenliness {rC+ Str+6 Dex+2 SInv} (You found it on level 9 of the Dungeon)
  8203 | D:9      | XOM: silly message
  8218 | D:9      | XOM: potion effect (curing)
  8226 | D:9      | XOM: blink monster(s)
  8368 | D:9      | XOM: medium Fire miscast
  8377 | D:9      | XOM: cloud trail
  8478 | D:9      | XOM: harmless Chrm miscast
  8562 | D:9      | XOM: divination: detect creatures
  8579 | D:10     | Entered Level 10 of the Dungeon
  8586 | D:10     | Found Decill's Armour Shoppe.
  8586 | D:10     | Found a staircase to the Orcish Mines.
  8588 | D:10     | Found Tenenioh's Weapon Shoppe.
  8603 | D:10     | Reached skill level 10 in Armour
  8605 | D:10     | Noticed gobwax's ghost (journeyman DsGl)
  8627 | D:10     | XOM: cast spell 'Call Canine Familiar'
  8773 | D:10     | XOM: give mutations
  8773 | D:10     | Lost mutation: Scrolls take you a little longer to read. [Xom's mischief]
  8773 | D:10     | Lost mutation: You have claws for feet. [Xom's mischief]
  8944 | D:10     | XOM: harmless Chrm miscast
  8999 | D:10     | XOM: medium Erth miscast
  9174 | D:10     | XOM: smoke on damage
  9324 | D:10     | Noticed a two-headed ogre
  9342 | D:10     | HP: 2/72 [two-headed ogre/dire flail (17)]
  9344 | D:10     | Mangled by a two-headed ogre

Skill      XL: |  1  2  3  4  5  6  7  8  9 10 11 |
---------------+----------------------------------+-----
Maces & Flails | 3 4 6 7 9 |  9.6
Armour         | 3 5 7 9 10 | 10.7
Fighting       | 4 6 8 9 |  9.7
Dodging        | |  0.8

Action                   |  1- 3 |  4- 6 |  7- 9 | 10-12 || total
-------------------------+-------+-------+-------+-------++-------
Melee: Mace              |    97 |   111 |   366 |   325 ||   899
       Kick              |    10 |    24 |    81 |    73 ||   188
       Headbutt          |       |       |    29 |    71 ||   100
Throw: Throwing net      |       |       |     1 |       ||     1
Evoke: Wand              |       |       |       |     7 ||     7
  Use: Potion            |       |     4 |     4 |     4 ||    12
       Scroll            |       |     2 |     4 |     9 ||    15
 Stab: Paralysed         |     2 |     1 |    10 |     3 ||    16
       Sleeping          |     1 |       |       |       ||     1
       Distracted        |       |       |     1 |       ||     1
       Petrifying        |       |       |     1 |       ||     1
       Confused          |       |       |       |     1 ||     1
  Eat: Chunk             |     1 |     5 |    14 |     6 ||    26
       Fruit             |       |       |       |     1 ||     1
Armor: Leather armour    |    34 |    64 |   127 |    28 ||   253
       Skin              |       |       |     4 |     4 ||     8
       Plate armour      |       |       |       |   116 ||   116
Dodge: Dodged            |    75 |    42 |   153 |   105 ||   375
       Deflected         |       |       |       |     6 ||     6
